 Dungeon Crawl Stone Soup version 0.27-a0-1123-g2f9bb313c0 (webtiles) character file.

Game seed: 7598071239947954469

10619 leviel the Cleaver (level 11, 0/97 HPs)
             Began as a Minotaur Berserker on May 3, 2021.
             Was an Elder of Trog.
             Succumbed to barbed spike wounds
             ... on level 9 of the Dungeon.
             The game lasted 00:13:45 (9942 turns).

leviel the Cleaver (Minotaur Berserker)             Turns: 9942, Time: 00:13:46

Health: 0/97       AC: 10    Str: 25    XL:     11   Next: 38%
Magic:  10/10      EV: 13    Int:  4    God:    Trog [****..]
Gold:   844        SH:  5    Dex: 10    Spells: 10/10 levels left

rFire    . . .     SeeInvis .   b - +8 demon blade "Leech" {vamp, *Rage +Rage rN+}
rCold    . . .     Faith    .   (no shield)
rNeg     + . .     Spirit   .   k - +1 ring mail
rPois    .         Reflect  +   (helmet restricted)
rElec    .         Harm     .   (no cloak)
rCorr    .         Rampage  .   (no gloves)
Will     .....     Rnd*Rage +   d - +1 pair of boots
Stlth    ..........             q - amulet of reflection
HPRegen  0.26/turn              (no ring)
MPRegen  0.12/turn              (no ring)

@: spiked, on berserk cooldown
A: horns 2, retaliatory headbutt
a: Renounce Religion, Evoke Berserk Rage, Berserk, Trog's Hand, Brothers in Arms


You were on level 9 of the Dungeon.
You worshipped Trog.
Trog was greatly pleased with you.
You visited 1 branch of the dungeon, and saw 9 of its levels.

You collected 844 gold pieces.

Inventory:

Hand Weapons
 a - a +1 hand axe of protection
 b - the +8 demon blade "Leech" (weapon) {vamp, *Rage +Rage rN+}
   (You found it on level 6 of the Dungeon)

   It inflicts no extra harm, but heals its wielder when it wounds a living foe.
   It protects you from negative energy.
   It lets you go berserk.
   It may make you go berserk in combat.
Missiles
 e - 15 javelins (quivered)
 j - 12 curare-tipped darts
Armour
 d - a +1 pair of boots (worn)
 k - a +1 ring mail (worn)
Jewellery
 q - an amulet of reflection (around neck)
 u - a ring of magical power
Wands
 n - a wand of iceblast (11)
 v - a wand of mindburst (15)
Scrolls
 f - a scroll of fear
 g - 2 scrolls of identify
 h - 2 scrolls of magic mapping
 r - 2 scrolls of teleportation
 s - 2 scrolls of immolation
Potions
 c - 3 potions of attraction
 i - 3 potions of heal wounds
 l - 2 potions of curing
 m - a potion of might
 o - a potion of degeneration {unknown}
 p - 2 potions of lignification {unknown}
 t - 3 potions of mutation {unknown}
 w - a potion of haste {unknown}


   Skills:
 + Level 9.5 Fighting
 + Level 10.8 Long Blades
 - Level 11.8 Axes
 + Level 2.4 Throwing
 + Level 8.4 Armour
 + Level 6.4 Dodging
 + Level 4.4 Shields


You had 10 spell levels left.
You didn't know any spells.
Your spell library was empty.

Dungeon Overview and Level Annotations

Branches:
Dungeon (9/15)             Temple (0/1) D:7
   Lair: D:8-11         Orc: D:9-12

Altars:
Cheibriados
Elyvilon
Fedhas
Gozag
Hepliaklqana
Kikubaaqudgha
Makhleb
Nemelex Xobeh
Okawaru
Qazlal
Sif Muna
Uskayaw
Xom
Zin

Shops:
D:2 [

Annotations:
D:3 3 runed translucent doors, robertstho's ghost, amateur MiBe


Innate Abilities, Weirdness & Mutations

You have a pair of horns on your head.
You reflexively headbutt those who attack you in melee.


Message History

The centaur warrior shoots an arrow.
The arrow hits you!
A centaur warrior is nearby!
A manticore comes into view.
An orc warrior comes into view. It is wielding a +0 flail.
The manticore flicks its tail.
The volley of spikes hits you!
The barbed spikes become lodged in your body.
The barbs in your skin will harm you if you move.
Continue? [Y]es or [N]o only, please.
The barbs in your skin will harm you if you move.
Continue?
Okay, then.
The barbs in your skin will harm you if you move.
Continue?
The barbed spikes dig painfully into your body as you move.
The orc warrior shouts!
You hear an angry buzzing noise.
The centaur warrior shoots an arrow.
The arrow hits you!
The barbed spikes dig painfully into your body as you move.
The manticore flicks its tail.
The volley of spikes misses you.
The manticore flicks its tail.
The volley of spikes hits you!
The barbed spikes become lodged in your body.
The barbed spikes dig painfully into your body as you move.
The barbed spikes dig painfully into your body as you move.
You feel yourself speed up.
The barbed spikes dig painfully into your body as you move.
* * * LOW HITPOINT WARNING * * *
The barbed spikes dig painfully into your body as you move.
* * * LOW HITPOINT WARNING * * *
Things that are here:
4 large rocks; a cyclops corpse The barbed spikes dig painfully into your body as you move.
* * * LOW HITPOINT WARNING * * *
The manticore flicks its tail.
The volley of spikes hits you!
The barbed spikes become lodged in your body.
* * * LOW HITPOINT WARNING * * *
Things that are here:
a +0 shortbow; 16 arrows The barbed spikes dig painfully into your body as you move.
You die...

####.#### #.##.##.##.##.#
#...o.H...c...# #.##c##.##H##.#
####.##.##### #...###...###
####(#####.##.# #
#(##)##.##.##.# .
#..))@....)...# #
#.##รท##)##)##.#
#.##.#####.#### ###....##...#
########.###########
###################'###........
...............................
######..################...####
#..# #...#


You could see a centaur warrior and a manticore.

Vanquished Creatures
  A hydra (D:9)
  2 centaur warriors (D:9)
  The ghost of mnm the Grappler, a novice TrBe of Trog (D:8)
  Pikel (D:9)
  A deep elf pyromancer (D:9)
  A cyclops (D:9)
  A manticore (D:9)
  A tengu conjurer (D:9)
  A slime creature (D:6)
  A wraith (D:9)
  A wyvern (D:8)
  12 yaks
  2 steam dragons
  3 water moccasins
  2 orc warriors (D:7)
  A black bear (D:6)
  2 sky beasts
  5 centaurs
  3 ogres
  3 lemures (D:9)
  A gnoll sergeant (D:8)
  4 bullfrogs
  5 scorpions
  A water moccasin zombie (D:6)
  2 wyvern skeletons (D:7)
  4 wights (D:6)
  9 howler monkeys
  2 bullfrog zombies (D:7)
  2 centaur zombies
  A centaur skeleton (D:6)
  2 hounds
  A gnoll shaman (D:9)
  2 jellies
  6 orc priests
  2 iguanas
  3 orc wizards
  A killer bee zombie (D:6)
  A hound zombie (D:5)
  2 hound skeletons (D:4)
  2 howler monkey zombies
  10 adders
  4 gnolls (D:8)
  A white imp (D:7)
  An ufetubus (D:5)
  2 adder skeletons
  A worm (D:2)
  18 orcs
  5 bats
  8 endoplasms
  3 giant cockroaches
  3 goblins
  6 hobgoblins
  13 jackals
  9 kobolds
  3 quokkas
  11 ball pythons
  4 frilled lizards
  5 rats
205 creatures vanquished.

Vanquished Creatures (collateral kills)
  A wyvern (D:8)
  An orc warrior (D:8)
2 creatures vanquished.

Vanquished Creatures (others)
  A yak (D:6)
  An ogre (D:6)
  A howler monkey (D:6)
3 creatures vanquished.

Grand Total: 210 creatures vanquished

Notes
Turn   | Place    | Note
-------+----------+-------------------------------------------
     0 | D:1      | leviel the Minotaur Berserker began the quest for the Orb.
     0 | D:1      | Reached XP level 1. HP: 19/19 MP: 0/0
   341 | D:1      | Reached XP level 2. HP: 21/27 MP: 1/1
   465 | D:1      | Reached skill level 4 in Axes
  1079 | D:2      | Reached XP level 3. HP: 20/33 MP: 2/2
  1307 | D:2      | Reached ** piety under Trog
  1454 | D:2      | Reached XP level 4. HP: 41/41 MP: 3/3
  1455 | D:2      | Reached skill level 5 in Axes
  1613 | D:2      | Found Iqunu's Antique Armour Emporium.
  2252 | D:3      | Found a runed translucent gate.
  2255 | D:3      | Found a runed translucent gate.
  2255 | D:3      | Found a runed translucent gate.
  2255 | D:3      | Noticed robertstho's ghost (amateur MiBe)
  2500 | D:3      | Found a white marble altar of Elyvilon.
  2729 | D:3      | Reached XP level 5. HP: 46/47 MP: 4/4
  2840 | D:3      | Found a hide-covered altar of Uskayaw.
  3152 | D:4      | Noticed an ogre
  3162 | D:4      | Killed an ogre
  3163 | D:4      | Reached skill level 6 in Axes
  3331 | D:4      | Found a shimmering altar of Xom.
  3338 | D:4      | Reached XP level 6. HP: 50/55 MP: 5/5
  3344 | D:4      | Reached *** piety under Trog
  3351 | D:4      | Reached skill level 5 in Fighting
  3634 | D:4      | Reached skill level 7 in Axes
  4484 | D:5      | Entered Level 5 of the Dungeon
  4484 | D:5      | Found a hazy altar of Hepliaklqana.
  4526 | D:5      | Noticed a yak
  4526 | D:5      | Noticed a water moccasin
  4527 | D:5      | Noticed a yak
  4527 | D:5      | Noticed a yak
  4527 | D:5      | Noticed a yak
  4550 | D:5      | Killed a yak
  4551 | D:5      | Reached XP level 7. HP: 31/61 MP: 6/6
  4553 | D:5      | Killed a yak
  4554 | D:5      | Reached skill level 8 in Axes
  4554 | D:5      | Reached skill level 1 in Throwing
  4793 | D:5      | Reached skill level 5 in Armour
  4917 | D:5      | Reached XP level 8. HP: 69/70 MP: 7/7
  4980 | D:5      | Reached skill level 9 in Axes
  4980 | D:5      | Reached skill level 1 in Shields
  5606 | D:6      | Reached skill level 10 in Axes
  5841 | D:6      | Reached XP level 9. HP: 52/78 MP: 8/8
  5843 | D:6      | Reached skill level 11 in Axes
  6667 | D:6      | Found a snail-covered altar of Cheibriados.
  6669 | D:6      | Found a stormy altar of Qazlal.
  6670 | D:6      | Found the +8 demon blade "Leech" {vamp, *Rage +Rage rN+}
  6679 | D:6      | Found a transporter.
  6699 | D:6      | Found a transporter.
  7196 | D:7      | Reached **** piety under Trog
  7206 | D:7      | Reached skill level 1 in Long Blades
  7449 | D:7      | Found a blossoming altar of Fedhas.
  7551 | D:7      | Found an ancient bone altar of Kikubaaqudgha.
  7711 | D:7      | Found a shimmering blue altar of Sif Muna.
  8182 | D:7      | Reached skill level 5 in Dodging
  8360 | D:7      | Found a staircase to the Ecumenical Temple.
  8425 | D:7      | Found a glowing silver altar of Zin.
  8425 | D:7      | Found a sparkling altar of Nemelex Xobeh.
  8818 | D:8      | Reached skill level 5 in Long Blades
  8818 | D:8      | Reached XP level 10. HP: 88/88 MP: 9/9
  8891 | D:8      | Found a burning altar of Makhleb.
  8919 | D:8      | Found an iron altar of Okawaru.
  9140 | D:8      | Noticed mnm's ghost (novice TrBe)
  9141 | D:8      | Found a runed translucent gate.
  9184 | D:8      | Found a runed translucent gate.
  9184 | D:8      | Found a runed translucent gate.
  9185 | D:8      | Found an opulent altar of Gozag.
  9344 | D:8      | Killed mnm's ghost
  9415 | D:9      | Noticed Pikel
  9427 | D:9      | Killed Pikel
  9728 | D:9      | Noticed a deep elf pyromancer
  9730 | D:9      | Noticed a manticore
  9732 | D:9      | Killed a deep elf pyromancer
  9736 | D:9      | Reached XP level 11. HP: 74/97 MP: 10/10
  9736 | D:9      | Noticed a six-headed hydra
  9743 | D:9      | Killed an 11-headed hydra
  9744 | D:9      | Reached skill level 10 in Long Blades
  9885 | D:9      | Noticed a centaur warrior
  9891 | D:9      | Noticed a centaur warrior
  9896 | D:9      | Killed a centaur warrior
  9899 | D:9      | Killed a centaur warrior
  9933 | D:9      | Noticed a centaur warrior
  9942 | D:9      | Succumbed to barbed spike wounds

Illustrated notes

Levels and vault maps discovered:
D:1:      minmay_arrival_doors, layout_rooms, dk_noncrumbling_3,
          grunt_decor_cap, minmay_pentomino_q4
D:2:      layout_loops_ring, serial_shops, shop_fountains, grunt_ministairs_9,
          nrook_loot_triangle, serial_park_tiny_1
D:3:      layout_loops_ring, elyvilon_altar_3, nicolae_overflow_crystal_walls,
          gammafunk_ghost_necromancy
D:4:      kb_forest_paths, layout_basic, old_standard_altar
D:5:      layout_rooms, nicolae_hepliaklqana_hazy_memory
D:6:      layout_basic, gammafunk_temple_overflow_arena
D:7:      layout_basic, nicolae_sif_muna_condensation, fedhas_altar_fruit_tree,
          nicolae_kikubaaqudgha_miasma_corner,
          gammafunk_temple_overflow_elements, minmay_temple_entry_poolview,
          kennysheep_generic_room_15
D:8:      layout_cave_pools, general_overflow_altar, okawaru_ov_weapons_minmay,
          ebering_ghost_gozag
D:9:      hangedman_cross_veins, layout_long_grid, uniq_pikel

Skill      XL: |  1  2  3  4  5  6  7  8  9 10 11 |
---------------+----------------------------------+-----
Axes           | 4 5 6 7 8 10 11 | 11.8
Fighting       | 4 5 6 7 9 |  9.5
Armour         | 3 4 5 7 8 |  8.4
Dodging        | 3 4 5 6 |  6.4
Throwing       | 1 2 |  2.4
Shields        | 1 2 3 4 |  4.4
Long Blades    | 5 9 10 | 10.8

Action                   |  1- 3 |  4- 6 |  7- 9 | 10-12 || total
-------------------------+-------+-------+-------+-------++-------
Melee: Hand axe          |    68 |   161 |   138 |       ||   367
       Headbutt          |    12 |    36 |    49 |    26 ||   123
       Demon blade       |       |       |    73 |   106 ||   179
Throw: Javelin           |       |     7 |    14 |       ||    21
       Dart              |       |     1 |       |       ||     1
Invok: Berserk           |     2 |     1 |     1 |     3 ||     7
       Trog's Hand       |       |     1 |       |     3 ||     4
       Brothers in Arms  |       |       |       |     1 ||     1
  Use: Scroll            |       |       |    13 |     2 ||    15
       Potion            |       |       |     2 |     1 ||     3
 Stab: Invisible         |       |       |     2 |       ||     2
Armor: Animal skin       |    13 |       |       |       ||    13
       Ring mail         |     8 |    31 |    66 |    38 ||   143
Dodge: Dodged            |    48 |    87 |   136 |    63 ||   334
Block: Other             |       |     9 |    45 |    31 ||    85
       Reflection        |       |       |     2 |     3 ||     5
       Rpst.: Demon blade |       |       |    12 |    14 ||    26

Table legend: (Time is in decaauts)
 A = Elapsed time spent in this place.
 B = Non-inter-level travel time spent in this place.
 C = Inter-level travel time spent in this place.
 D = Time resting spent in this place.
 E = Time spent auto-exploring this place.
 F = Levels seen in this place.
 G = Mean time per level.
                   A        B        C        D        E       F      G
               +--------+--------+--------+--------+--------+-----+--------+
         Total |  10040 |   9311 |    729 |   1851 |   6306 |   9 | 1115.6 |
       Dungeon |  10040 |   9311 |    729 |   1851 |   6306 |   9 | 1115.6 |
               +--------+--------+--------+--------+--------+-----+--------+

Top non-repeatable levels by time:
     D:6: 1580 daAuts
     D:7: 1498 daAuts
     D:4: 1467 daAuts
     D:2: 1299 daAuts
     D:5: 1141 daAuts
     D:3: 988 daAuts
     D:1: 890 daAuts
     D:8: 614 daAuts
     D:9: 560 daAuts
